Map: Efflorescence LE

Players

qqq - Winner!

  • Race: Zerg Zerg
  • Spawn Location: 3:00

Massa - Winner!

  • Race: Terran Terran
  • League: Platinum
  • Spawn Location: 12:00

SpacePants

  • Race: Protoss Protoss
  • Spawn Location: 6:00

KovacsGeza

  • Race: Zerg Zerg
  • Spawn Location: 9:00

VOD

Have the link to the VOD?

Description

Time

  • Played on: Oct. 23, 2020, 2:15 p.m.
  • Length: 19:07
Show
View Real Time Build Order
Export as new Build Order

qqq Zerg - Winner!

Build Orders: Hatch First, Lurkers 

Get SALT Encoding   

  12  0:01  Drone  
  13  0:09  Drone  
  14  0:37  Hatchery  
  14  0:42  Drone  
  14  1:00  Spawning Pool  
  13  1:10  Overlord  
  13  1:11  Drone  
  13  1:14  Extractor  
  13  1:18  Drone  
  14  1:29  Drone  
  15  1:33  Drone  
  15  1:55  Drone  
  15  1:56  Drone  
  15  1:57  Drone  
  15  1:58  Queen  
  20  2:03  Drone  
  20  2:07  Queen  
  23  2:18  Zergling x4  
  23  2:21  Drone  
  27  2:22  Drone  
  27  2:31  Drone  
  27  2:35  Overlord  
  28  2:40  Metabolic Boost  
  28  2:47  Overlord  
  28  3:03  Baneling Nest  
  28  3:04  Drone, Zergling x2  
  28  3:05  Zergling x6  
  32  3:19  Zergling x6  
  35  3:24  Drone  
  35  3:25  Zergling x2  
  37  3:36  Zergling x2  
  38  3:42  Drone x2  
  40  3:54  Baneling x3  
  40  3:58  Baneling  
  40  3:59  Baneling x2  
  40  4:00  Zergling x8  
  40  4:02  Overlord  
  44  4:27  Hatchery  
  42  4:37  Zergling x4  
  42  4:38  Zergling x2, Overlord x2  
  35  5:11  Zergling x6  
  35  5:12  Drone x6  
  40  5:18  Lair  
  40  5:25  Spore Crawler  
  40  5:27  Spore Crawler  
  40  5:28  Drone  
  39  5:29  Drone  
  40  5:36  Baneling x6  
  40  5:39  Drone  
  40  5:40  Drone x2  
  43  5:46  Hatchery, Queen  
  44  5:59  Drone x2, Spore Crawler  
  44  6:00  Spore Crawler  
  44  6:02  Drone x2, Extractor  
  44  6:03  Drone  
  46  6:07  Drone  
  46  6:08  Drone  
  48  6:15  Drone  
  48  6:16  Spore Crawler  
  48  6:21  Drone  
  48  6:22  Drone  
  48  6:23  Hydralisk Den  
  49  6:31  Drone x4  
  53  6:38  Drone x2  
  50  6:56  Hydralisk  
  50  6:59  Drone  
  53  7:02  Drone x2  
  53  7:05  Hydralisk  
  57  7:09  Drone  
  57  7:10  Drone  
  58  7:26  Hatchery  
  56  7:32  Hatchery, Hydralisk x5  
  56  7:33  Hydralisk  
  56  7:34  Drone  
  56  7:35  Drone x3  
  71  7:53  Overlord x2  
  71  7:56  Muscular Augments  
  71  8:01  Evolution Chamber  
  71  8:02  Drone  
  71  8:03  Evolution Chamber  
  71  8:05  Extractor x2  
  69  8:06  Overlord x3  
  69  8:08  Drone x2  
  69  8:10  Drone  
  71  8:14  Drone x2  
  71  8:15  Drone x2  
  75  8:24  Hydralisk  
  75  8:25  Hydralisk  
  77  8:30  Spore Crawler  
  76  8:34  Spore Crawler  
  76  8:35  Spore Crawler  
  76  8:36  Drone x2  
  76  8:37  Drone x3  
  76  8:38  Drone x4, Spore Crawler  
  82  8:46  Spore Crawler  
  79  9:04  Hydralisk x5  
  79  9:05  Hydralisk  
  79  9:07  Drone x4, Grooved Spines  
  95  9:15  Queen  
  97  9:19  Drone, Spine Crawler  
  97  9:20  Drone  
  98  9:27  Pneumatized Carapace  
  98  9:28  Overseer  
  98  9:34  Spore Crawler  
  98  9:35  Spore Crawler  
  96  9:43  Spine Crawler  
  95  9:46  Spine Crawler  
  95  9:49  Hydralisk  
  95  9:50  Hydralisk x5  
  95  9:51  Queen, Hydralisk  
  109  10:00  Drone x5  
  114  10:16  Hydralisk  
  114  10:17  Hydralisk x3  
  114  10:19  Drone  
  114  10:20  Overlord x3  
  114  10:21  Overlord  
  123  10:24  Zerg Missile Weapons Level 1  
  123  10:31  Infestation Pit  
  123  10:33  Extractor x2  
  120  10:39  Drone x2  
  120  10:40  Drone x7  
  120  10:41  Drone x2  
  131  10:45  Spore Crawler  
  131  10:47  Spine Crawler  
  131  10:48  Zergling x2  
  131  10:49  Zergling x4  
  132  10:54  Drone x3  
  132  10:55  Drone  
  93  11:40  Hydralisk x4  
  93  11:41  Hydralisk x5  
  93  11:42  Hydralisk  
  93  11:43  Hydralisk x6  
  125  11:56  Overseer  
  125  12:00  Hive  
  125  12:01  Zergling x2  
  125  12:02  Zergling x4  
  125  12:03  Zergling x16  
  136  12:11  Spine Crawler  
  136  12:13  Spine Crawler, Spore Crawler  
  134  12:15  Zergling x6  
  134  12:16  Zergling x10  
  134  12:17  Zergling x4  
  142  12:30  Hydralisk, Zergling x4  
  142  12:31  Hydralisk  
  142  12:37  Zerg Melee Weapons Level 1  
  142  12:40  Lurker Den  
  127  12:56  Hydralisk  
  127  12:57  Hydralisk x4  
  137  12:59  Zergling x8  
  137  13:00  Zergling x2  
  137  13:01  Overlord x4  
  103  13:32  Hydralisk x5  
  103  13:33  Hydralisk  
  103  13:34  Drone x7  
  97  13:57  Hydralisk  
  97  13:58  Hydralisk x3  
  97  13:59  Drone x3  
  97  14:00  Drone x4  
  112  14:06  Spine Crawler  
  112  14:07  Spine Crawler x2  
  112  14:08  Drone, Spine Crawler  
  112  14:09  Drone, Spine Crawler, Spore Crawler x2  
  107  14:20  Spine Crawler  
  107  14:21  Lurker x4  
  107  14:22  Spine Crawler  
  107  14:23  Seismic Spines  
  109  14:26  Zergling x8  
  109  14:27  Drone x3  
  109  14:28  Drone  
  117  14:41  Extractor  
  117  14:43  Extractor, Hydralisk x5  
  117  14:44  Hydralisk x2  
  125  15:01  Spore Crawler  
  125  15:03  Spore Crawler  
  122  15:15  Spore Crawler  
  122  15:16  Spore Crawler  
  122  15:17  Spore Crawler  
  122  15:18  Spore Crawler  
  122  15:19  Spore Crawler  
  117  15:27  Spore Crawler  
  116  15:29  Spore Crawler  
  116  15:31  Hydralisk x3  
  116  15:32  Hydralisk x5  
  116  15:33  Drone x3  
  116  15:34  Drone x6  
  140  15:36  Lurker x4  
  140  15:37  Zergling x2  
  128  15:43  Spine Crawler  
  111  15:57  Lurker x3  
  111  15:58  Hydralisk  
  111  15:59  Zergling x6  
  111  16:00  Zergling x2  
  104  16:29  Hydralisk  
  104  16:30  Hydralisk x6  
  104  16:32  Drone x6  
  120  16:33  Overseer  
  120  16:34  Overseer  
  120  16:35  Overseer  
  120  16:36  Drone x3  
  113  16:46  Hydralisk x2  
  113  16:47  Hydralisk  
  115  16:54  Hatchery  
  115  16:58  Hatchery  
  113  17:03  Hydralisk x5  
  120  17:18  Hydralisk x2  
  124  17:24  Zergling x2  
  124  17:25  Zergling x4  
  124  17:26  Drone x2, Zergling x4  
  124  17:27  Drone x3  
  134  17:30  Extractor  
  134  17:32  Extractor  
  134  17:33  Extractor  
  134  17:35  Spore Crawler  
  130  17:48  Spire  
  129  17:53  Ultralisk Cavern, Hydralisk  
  129  17:54  Hydralisk  
  129  17:56  Overlord x2  
  129  17:57  Zergling x6  
Show
View Real Time Build Order
Export as new Build Order

Massa Terran - Winner!

Build Orders: Reaper Expand 

Get SALT Encoding   

  12  0:00  SCV  
  13  0:12  SCV  
  14  0:18  Supply Depot  
  14  0:24  SCV  
  15  0:39  SCV  
  15  0:41  Barracks  
  16  0:45  Refinery  
  16  0:51  SCV  
  17  1:03  SCV  
  18  1:16  SCV  
  19  1:28  Orbital Command  
  19  1:29  Reaper  
  20  1:43  Command Center  
  20  1:54  SCV  
  21  2:01  Marine  
  21  2:06  SCV  
  23  2:15  Factory  
  23  2:19  Supply Depot  
  23  2:22  Barracks  
  23  2:40  SCV, Marine  
  25  2:52  SCV  
  26  3:15  Barracks Tech Lab  
  26  3:17  Refinery  
  26  3:18  Factory Tech Lab  
  26  3:22  Barracks Reactor  
  26  3:23  Starport  
  26  3:28  Orbital Command, Engineering Bay  
  26  3:31  SCV  
  27  3:43  SCV  
  28  3:59  Marauder, Marine x2  
  32  4:05  Widow Mine  
  34  4:10  SCV x2  
  34  4:15  Refinery  
  36  4:17  Marine x2  
  36  4:20  Marauder  
  36  4:22  SCV  
  41  4:26  Widow Mine  
  41  4:29  Medivac  
  45  4:35  Marine  
  46  4:50  Marine  
  46  4:55  Stimpack  
  46  5:02  Supply Depot x2  
  46  5:03  Supply Depot  
  46  5:04  Missile Turret  
  46  5:05  Supply Depot  
  46  5:23  Cyclone, Marine x2  
  46  5:24  Marauder  
  46  5:28  Supply Depot  
  51  5:37  SCV  
  51  5:38  SCV  
  51  5:41  Refinery, Marine x2  
  55  5:45  Marauder  
  55  5:49  SCV  
  58  5:50  SCV, Missile Turret  
  58  5:55  Cyclone  
  62  5:58  Missile Turret  
  62  5:59  Marine x2  
  62  6:00  Missile Turret  
  62  6:02  SCV  
  65  6:06  Marauder, Missile Turret  
  67  6:16  Marine  
  68  6:23  Barracks  
  68  6:28  Marauder  
  70  6:35  Combat Shield  
  70  6:38  Medivac  
  72  6:40  Marine x2  
  74  6:47  Terran Infantry Weapons Level 1  
  74  6:48  Marine  
  75  6:54  Armory  
  75  6:57  Marine  
  75  6:58  Marine  
  75  7:00  Sensor Tower  
  77  7:02  SCV  
  77  7:06  Marine  
  79  7:16  Cyclone  
  79  7:18  Barracks Reactor  
  79  7:19  Marine x2  
  84  7:25  Marauder  
  84  7:37  Marine  
  75  8:18  Marine x5  
  72  8:36  Marine x5  
  54  8:53  Marine  
  54  8:54  Marine x4, Thor  
  55  8:57  Medivac  
  57  9:06  Missile Turret  
  57  9:11  Marine  
  57  9:12  Marine x4  
  57  9:13  Terran Vehicle Weapons Level 1  
  62  9:19  Missile Turret  
  62  9:27  Medivac  
  62  9:29  Missile Turret  
  61  9:37  Thor  
  65  10:19  Barracks  
  65  10:24  Missile Turret  
  65  10:25  Missile Turret  
  65  10:30  Missile Turret  
  65  10:31  Marine  
  65  10:32  Marine x3, Command Center  
  65  10:33  Command Center, Missile Turret  
  69  10:41  Terran Infantry Armor Level 1  
  69  10:49  Marine  
  70  10:54  Factory  
  70  10:57  Factory  
  70  11:07  Supply Depot  
  70  11:10  Supply Depot  
  70  11:13  Supply Depot  
  70  11:16  Supply Depot  
  70  11:28  Concussive Shells  
  70  11:29  SCV x2, Marine x4  
  76  11:46  Marine x4  
  78  11:49  SCV  
  81  11:57  Orbital Command  
  81  11:59  Marauder  
  83  12:03  Starport Tech Lab  
  83  12:04  Marine x4  
  83  12:05  Factory Tech Lab x2  
  83  12:07  Thor  
  93  12:14  SCV x2  
  95  12:21  Marauder  
  95  12:22  Marine  
  98  12:23  SCV  
  98  12:26  SCV x2  
  101  12:35  Planetary Fortress  
  102  12:38  SCV  
  102  12:39  SCV  
  102  12:42  Marauder  
  105  12:48  Missile Turret  
  105  12:50  Missile Turret  
  105  12:51  SCV x2  
  107  13:03  SCV x2, Marauder  
  111  13:19  Orbital Command  
  103  13:25  Marauder  
  70  13:48  Thor x3  
  56  13:50  Marauder  
  56  13:51  Marine x4  
  80  14:00  SCV  
  80  14:01  SCV x3  
  84  14:08  Marine  
  84  14:09  Marine x3  
  86  14:12  Marauder  
  86  14:13  SCV  
  89  14:18  Refinery  
  89  14:21  Barracks  
  89  14:26  Sensor Tower, Marine  
  89  14:27  Barracks, Marine x3  
  89  14:31  Thor x3  
  93  14:33  Marauder  
  93  14:35  Medivac  
  115  14:44  Marine  
  115  14:45  Marine x3  
  119  14:54  Marauder  
  121  15:02  Marine x2  
  121  15:06  Terran Infantry Armor Level 2, Refinery  
  123  15:07  Refinery  
  123  15:12  Engineering Bay  
  123  15:16  Marauder, Terran Vehicle And Ship Armor Level 1  
  123  15:19  Armory  
  105  15:37  Marauder, Siege Tank x3  
  110  15:57  Barracks Tech Lab x2  
  110  15:58  Marauder  
  110  16:00  Marine x4  
  116  16:09  Siege Tank  
  119  16:18  Marine x4  
  114  16:20  Marauder  
  112  16:35  Marine  
  112  16:36  Marine x3  
  112  16:37  Marauder x2  
  111  16:41  Marauder  
  107  16:53  Marine  
  96  16:54  Marine x3  
  96  16:57  Thor x3  
  96  16:58  Marauder  
  96  16:59  Marauder  
  121  17:03  Marauder  
  123  17:11  Marine  
  123  17:12  Marine x3  
  123  17:14  Orbital Command  
  117  17:19  Marauder  
  117  17:20  Marauder  
  121  17:24  Marauder  
  121  17:29  Marine x4  
  105  17:40  SCV  
  105  17:41  SCV x3, Marauder x2  
  113  17:45  Marauder  
  113  17:47  Marine x4  
  119  17:52  SCV  
  119  17:53  SCV  
  121  18:02  Marauder  
  121  18:03  Marauder  
  121  18:05  Marine x3  
  126  18:07  Marauder  
  130  18:16  Sensor Tower  
  130  18:17  Command Center  
  130  18:24  Marauder  
Show
View Real Time Build Order
Export as new Build Order

SpacePants Protoss 

Build Orders:  

Get SALT Encoding   

  12  0:01  Probe  
  13  0:13  Probe  
  14  0:25  Probe, Pylon  
  15  0:33  Assimilator  
  15  0:35  Assimilator  
  15  0:48  Gateway  
  15  0:52  Probe (Chrono Boost)  
  16  1:02  Probe (Chrono Boost)  
  17  1:06  Probe (Chrono Boost)  
  18  1:18  Probe  
  19  1:19  Pylon  
  19  1:30  Probe  
  20  1:42  Probe  
  21  1:49  Cybernetics Core  
  21  1:55  Probe (Chrono Boost)  
  22  2:06  Probe (Chrono Boost)  
  23  2:25  Nexus  
  23  2:34  Adept  
  23  2:36  Probe  
  25  3:04  Stargate x2  
  25  3:22  Probe  
  26  3:33  Assimilator  
  27  3:34  Probe (Chrono Boost)  
  28  3:43  Probe (Chrono Boost)  
  28  3:44  Assimilator  
  28  3:46  Probe (Chrono Boost)  
  29  3:53  Probe (Chrono Boost)  
  29  3:54  Probe (Chrono Boost)  
  31  3:56  Void Ray x2  
  39  4:03  Probe  
  40  4:10  Warp Gate  
  40  4:16  Probe x2  
  42  4:28  Probe x2  
  44  5:01  Pylon  
  44  5:05  Pylon  
  44  5:07  Pylon  
  44  5:19  Oracle x2  
  50  5:30  Zealot  
  52  5:39  Twilight Council, Stargate  
  52  5:45  Shield Battery  
  52  5:46  Gateway, Shield Battery  
  52  5:47  Gateway  
  52  5:49  Pylon  
  52  5:54  Probe x2  
  54  5:57  Zealot  
  54  6:01  Void Ray  
  56  6:06  Probe  
  56  6:07  Probe  
  62  6:17  Charge  
  62  6:18  Probe  
  63  6:53  Void Ray x3  
  63  6:57  Probe x2  
  77  7:07  Cybernetics Core  
  77  7:09  Robotics Facility  
  77  7:12  Dark Shrine  
  76  7:30  Void Ray  
  76  7:58  Probe x2, Pylon  
  77  8:01  Pylon  
  77  8:02  Void Ray  
  77  8:03  Void Ray  
  78  8:07  Pylon  
  78  8:13  Pylon  
  78  8:16  Probe x2, Pylon  
  78  8:18  Void Ray  
  84  8:28  Probe x2  
  86  8:40  Probe x2  
  88  8:47  Void Ray x2  
  86  8:52  Probe x2  
  96  8:55  Void Ray  
  100  9:05  Shadow Stride  
  92  10:10  Void Ray  
  92  10:11  Void Ray  
  76  10:19  Probe x2  
  82  10:31  Probe x2  
  84  10:40  Blink  
  84  10:42  Dark Templar x3  
  90  10:43  Probe x2  
  92  10:53  Nexus  
  92  10:55  Probe x2  
  94  11:04  Assimilator  
  94  11:07  Probe  
  94  11:08  Probe, Assimilator  
  83  11:34  Void Ray x3  
  77  11:42  Dark Templar x3  
  95  12:03  Nexus  
  95  12:18  Nexus  
  91  12:31  Assimilator  
  91  12:36  Void Ray x3  
  102  12:56  Pylon  
  102  13:00  Pylon  
  102  13:03  Pylon, Dark Templar x3  
  108  13:13  Void Ray  
  100  13:41  Void Ray x2  
  84  13:50  Void Ray  
  80  13:58  Probe x2  
  86  14:04  Stargate x2  
  86  14:07  Gateway  
  86  14:09  Gateway  
  86  14:10  Probe x2  
  88  14:17  Robotics Facility, Forge x2  
  88  14:18  Void Ray  
  88  14:20  Forge  
  88  14:25  Zealot x3  
  98  14:31  Protoss Air Weapons Level 1  
  80  15:15  Void Ray x3  
  84  15:40  Zealot x3  
  84  15:41  Zealot x2  
  82  16:01  Robotics Bay  
  74  16:10  Dark Templar x5  
  66  16:31  Observer x2 (Chrono Boost)  
  54  16:46  Phoenix x2  
  57  16:48  Phoenix  
  57  16:52  Observer (Chrono Boost)  
  61  16:58  Observer (Chrono Boost)  
  61  17:02  Void Ray  
  65  17:13  Observer  
  66  17:34  Colossus  
  72  17:38  Void Ray  
  72  17:39  Nexus  
  76  17:57  Assimilator  
  54  18:58  Zealot  
  54  18:59  Dark Templar  
Show
View Real Time Build Order
Export as new Build Order

KovacsGeza Zerg 

Build Orders: Pool First, Lurkers 

Get SALT Encoding   

  12  0:03  Drone  
  13  0:09  Drone  
  14  0:22  Extractor  
  13  0:32  Spawning Pool  
  12  0:38  Drone  
  12  0:39  Drone  
  14  1:07  Hatchery  
  13  1:13  Drone  
  13  1:18  Overlord  
  14  1:36  Queen  
  14  1:37  Zergling x2  
  17  1:42  Zergling x2  
  18  1:50  Zergling x2  
  18  1:51  Zergling x2  
  20  1:59  Drone  
  21  2:07  Baneling Nest  
  20  2:11  Drone  
  21  2:19  Drone  
  21  2:20  Drone  
  23  2:30  Drone  
  24  2:38  Metabolic Boost  
  24  2:43  Drone x2  
  24  2:44  Drone  
  27  3:06  Zergling x2  
  27  3:08  Baneling x3  
  28  3:13  Overlord x2  
  28  3:21  Overlord  
  28  3:31  Queen  
  30  3:38  Extractor, Lair  
  30  3:39  Drone  
  30  3:40  Drone  
  31  3:43  Drone  
  31  3:45  Drone  
  33  3:53  Drone x2  
  33  3:54  Drone  
  36  4:05  Drone x2  
  36  4:07  Drone x2  
  40  4:19  Drone  
  40  4:37  Zergling x12  
  42  4:42  Zergling x6  
  42  4:45  Drone  
  45  4:51  Zergling x2  
  36  5:02  Zergling x4  
  34  5:11  Zergling x2  
  34  5:21  Hydralisk Den  
  33  5:26  Baneling x3  
  33  5:27  Baneling  
  31  5:40  Drone  
  31  5:42  Drone  
  33  5:55  Hydralisk  
  33  5:56  Lurker Den  
  34  5:57  Zergling x2  
  34  6:00  Drone  
  34  6:02  Drone  
  37  6:05  Drone  
  37  6:09  Drone  
  39  6:12  Drone  
  39  6:13  Overseer  
  40  6:22  Drone x2  
  42  6:27  Baneling x3  
  42  6:28  Baneling  
  42  6:30  Drone x3  
  42  6:31  Drone  
  46  6:40  Extractor  
  46  6:41  Extractor, Queen  
  46  6:44  Drone  
  47  6:56  Drone  
  47  6:58  Hydralisk, Overlord  
  47  6:59  Hydralisk  
  52  7:05  Overlord  
  52  7:19  Lurker  
  52  7:20  Hydralisk  
  52  7:21  Zergling x10  
  59  7:30  Lurker x2  
  59  7:33  Hydralisk  
  59  7:34  Hydralisk  
  59  7:35  Overlord  
  64  7:52  Drone  
  64  7:53  Drone x2  
  64  7:55  Drone x2  
  69  8:00  Hydralisk x2  
  73  8:10  Lurker  
  73  8:19  Muscular Augments  
  71  8:42  Hatchery  
  71  8:46  Hydralisk  
  71  8:47  Hydralisk x6  
  76  8:52  Overlord x2  
  74  9:00  Hydralisk  
  74  9:01  Overlord  
  74  9:02  Overlord x2  
  76  9:14  Zergling x8  
  81  9:24  Lurker  
  81  9:27  Hatchery  
  80  9:41  Drone x2  
  80  9:42  Drone x5  
  80  9:44  Lurker  
  88  9:53  Overseer  
  88  9:55  Baneling x2  
  88  9:56  Evolution Chamber x2  
  88  9:59  Centrifical Hooks  
  86  10:12  Zergling x2  
  86  10:13  Hatchery, Zergling x8  
  90  10:22  Zerg Missile Weapons Level 1  
  90  10:23  Zerg Ground Armor Level 1  
  90  10:28  Grooved Spines  
  90  10:30  Infestation Pit  
  90  10:32  Baneling x3  
  90  10:33  Baneling x3  
  89  10:39  Drone  
  89  10:42  Extractor  
  89  10:43  Queen  
  89  10:44  Extractor  
  89  10:45  Drone  
  89  10:47  Drone  
  89  10:49  Drone  
  93  10:51  Drone  
  93  10:53  Drone  
  93  10:55  Drone  
  96  11:25  Hydralisk  
  87  11:26  Zergling x4  
  87  11:29  Hydralisk  
  87  11:30  Hydralisk x7  
  107  11:43  Hive  
  107  11:47  Drone  
  107  11:48  Drone x2  
  107  11:49  Drone  
  107  11:51  Drone x2  
  107  11:52  Drone x3  
  116  11:57  Zergling x2  
  116  12:01  Drone x3, Queen  
  122  12:17  Baneling  
  122  12:18  Baneling x5  
  113  12:48  Zerg Ground Armor Level 2, Zerg Missile Weapons Level 2  
  113  12:49  Hydralisk x4  
  113  12:50  Hydralisk x2  
  121  12:54  Overlord x4  
  103  13:05  Zergling x2  
  103  13:06  Zergling x6  
  105  13:18  Hydralisk  
  105  13:19  Zergling x2  
  89  13:24  Hydralisk  
  77  13:35  Hydralisk  
  77  13:39  Hydralisk x2  
  76  13:44  Hydralisk  
  70  13:49  Hydralisk  
  72  13:56  Zergling x2  
  73  14:15  Zergling x2  
  73  14:16  Zergling x4  
  76  14:17  Lurker x4  
  76  14:19  Hatchery  
  76  14:22  Overseer x2  
  79  14:28  Overseer  
  79  14:39  Hatchery  
  79  14:43  Seismic Spines  
  78  14:48  Extractor, Baneling  
  78  14:49  Extractor, Baneling x3  
  78  14:50  Lurker  
  75  15:28  Hydralisk  
  73  15:29  Zergling x24  
  73  15:35  Hydralisk  
  87  15:40  Adaptive Talons  
  83  15:56  Baneling  
  83  15:57  Baneling x5  
  83  15:58  Drone x2  
  83  15:59  Drone x2  
  87  16:15  Zergling x2  
  87  16:16  Zergling x8  
  74  16:28  Hydralisk  
  74  16:29  Zergling x4  
  78  16:33  Zergling x2  
  79  16:42  Hydralisk  
  79  16:43  Zergling x2  
  82  16:52  Hydralisk  
  82  16:53  Zergling x2  
  82  17:10  Swarm Host  
  82  17:12  Zergling x4  
  85  17:23  Hydralisk  
  85  17:24  Zergling x2  
  85  17:25  Zergling x2  
  70  17:56  Overseer  
  63  18:10  Lurker x2  
  63  18:11  Drone  
  63  18:12  Zergling x2  
  65  18:19  Hatchery  
  64  18:22  Zergling x4  
  43  18:48  Drone  
  43  18:49  Zergling x2  
Tags
 
Add a new tag
Caveats
  • Supply blocks, unpowered buildings, or Contaminate may cause inaccurate times.
  • Supply counts are checked every 10 seconds.